 Dungeon Crawl Stone Soup version 0.18.1-6-gd335043 (webtiles) character file.

69 Gingerlord the Skirmisher (level 4, 0/33 HPs)
             Began as a Formicid Abyssal Knight on May 17, 2016.
             Was a Believer of Lugonu.
             Slain by a goblin (3 damage)
             ... led by Robin
             ... on level 3 of the Dungeon.
             The game lasted 00:03:24 (1615 turns).

Gingerlord the Skirmisher (Formicid Abyssal Knight) Turns: 1615, Time: 00:03:25

Health: 0/33       AC: 11    Str: 14 (16) XL:     4   Next: 42%
Magic:  0/6        EV:  9    Int: 11 (12) God:    Lugonu [**....]
Gold:   95         SH:  0    Dex: 15 (16) Spells: 0 memorised, 3 levels left

rFire  . . .     SeeInvis +     a - +1 falchion
rCold  . . .     Gourm    .     l - +0 plate armour
rNeg   . . .     Faith    .     (no shield)
rPois  .         Spirit   +     (helmet unavailable)
rElec  .         Dismiss  .     (no cloak)
rCorr  .         Reflect  .     (no gloves)
SustAt .         Harm     .     (no boots)
MR     .....                    i - amulet of guardian spirit
Stlth  ..........               (no ring)
                                (no ring)

@: agile, not resistant to hostile enchantments, extremely unstealthy
A: permanent stasis, dig shafts and tunnels, four strong arms, antennae 3, frail
1, high mp 1
a: Dig, Shaft Self, Depart the Abyss, Bend Space, Renounce Religion


You were on level 3 of the Dungeon.
You worshipped Lugonu.
Lugonu was pleased with you.
You were hungry.

You visited 1 branch of the dungeon, and saw 3 of its levels.
You visited the Abyss 1 time.

You collected 95 gold pieces.

Inventory:

Hand Weapons
 a - a +1 falchion (weapon)
Armour
 l - a +0 plate armour (worn)
Jewellery
 i - an amulet of guardian spirit (around neck)
Scrolls
 b - a scroll of remove curse {unknown}
 e - 2 scrolls of magic mapping {unknown}
 h - 3 scrolls of identify {unknown}
Comestibles
 c - 2 bread rations
 g - a meat ration
 j - 2 beef jerkies


   Skills:
 + Level 3.8 Fighting
 + Level 2.9 Long Blades
 + Level 2.8 Armour
 + Level 1.5 Dodging
 + Level 2.6 Invocations


You had 3 spell levels left.
You didn't know any spells.

Dungeon Overview and Level Annotations

Branches:
Dungeon (3/15)

Altars:

Annotations:
D:2 Sigmund
D:3 Robin


Innate Abilities, Weirdness & Mutations

You are under a permanent stasis effect.
You can dig through walls and to a lower floor.
Your four strong arms can wield two-handed weapons with a shield.
You have a pair of large antennae on your head (SInv).
You are frail (-10% HP).
You have an increased reservoir of magic (+10% MP).


Message History

You feel more energetic.
You feel frail.
Robin roars a battlecry!
The goblin goes into a battle-frenzy!
The goblin barely misses you. The goblin misses you.
The orc wizard points at you and mumbles some strange words.
You resist with some effort.
Drink which item? (? for menu, Esc to quit)
It was a potion of degeneration.
There was something very wrong with that liquid.
You feel weakened.
You feel dopey.
You feel clumsy.
You feel less confused. The goblin closely misses you.
The orc wizard hits you but does no damage.
The goblin hits you with a club.
* * * LOW HITPOINT WARNING * * *
Your plate armour prevents you from hitting the orc wizard.
The orc wizard is almost dead.
Robin's horned helmet rattles.
The goblin hits you.
You die...

#... #..........# #.
#... #..........#####.
#.... #..........+.....
..... #..........#.....
......##..........#.....
.....o#)..........#.....
....{{gg####+######.....
.....{#o# #......'.....
.....{#@# ########.....
..g.. #gg.......[...###.
..o.g #################'
.... #..... .... ###...
#... #.#+ #.# #.#


You could see Robin, an orc wizard (invisible), an orc and 3 goblins.

Vanquished Creatures
  An adder (D:2)
  4 dart slugs
  2 giant geckos
  An orc (D:3)
  A giant cockroach (D:1)
  6 goblins
  6 hobgoblins
  3 jackals
  9 bats
  2 giant newts (D:1)
  7 kobolds
  5 rats
47 creatures vanquished.

Notes
Turn   | Place    | Note
--------------------------------------------------------------
     0 | Abyss:1  | Gingerlord the Formicid Abyssal Knight began the quest for the Orb.
     0 | Abyss:1  | Reached XP level 1. HP: 18/18 MP: 2/2
    57 | Abyss:1  | Noticed a chaos spawn
    58 | D:1      | Escaped the Abyss
   149 | D:1      | Reached * piety under Lugonu
   175 | D:1      | Reached XP level 2. HP: 24/24 MP: 3/3
   180 | D:1      | Reached skill level 1 in Dodging
   450 | D:1      | Reached XP level 3. HP: 29/29 MP: 4/4
  1143 | D:2      | Reached XP level 4. HP: 37/37 MP: 5/5
  1144 | D:2      | Reached ** piety under Lugonu
  1180 | D:2      | Noticed Sigmund
  1579 | D:3      | Noticed Robin
  1613 | D:3      | Gained mutation: You have an increased reservoir of magic (+10% MP). [potion of mutation]
  1613 | D:3      | Gained mutation: You are frail (-10% HP). [potion of mutation]
  1615 | D:3      | Slain by a goblin

Skill      XL: |  1  2 |
---------------+-------+-----
Dodging        | 1 |  1.5
Fighting       | |  3.8
Long Blades    | |  2.9
Armour         | |  2.8
Invocations    | |  2.6

Action                   |  1- 3 |  4- 6 || total
-------------------------+-------+-------++-------
Melee: Falchion          |    89 |    56 ||   145
Invok: Depart the Abyss  |     1 |       ||     1
  Use: Potion            |       |     3 ||     3
  Eat: Chunk             |     1 |     1 ||     2
Armor: Leather armour    |    14 |       ||    14
       Ring mail         |    27 |     5 ||    32
       Plate armour      |       |    44 ||    44
Dodge: Dodged            |    65 |    31 ||    96
